AoeStats
← Mr.Razorski

MegaRandom

510397287Analyzed
4v4 RM · 20h ago on Sep 30, 2026· 34m 40s· 8 players
Game mode
Random Map
Map size
Large (8 player)
Population
200
Speed
Normal
Resources
Standard
Victory
Conquest
Starting age
Dark Age
Ending age
Imperial Age
RankedLock teamsTeams togetherTeam positionsShared explorationLock speedFull tech treeHidden civsTurbo modeCheats
Victory
Defeat
🇨🇴 Saxons · Colombia
1148
+11
🇧🇷 Britons · Brazil
1079
+18
🇧🇷 Chinese · Brazil
1043
+15
🇫🇮 Huns · Finland
1025
+16
🇩🇰 Khmer · Denmark
1166
-20
🇵🇱 Franks · Poland
1012
-13
🇺🇸 Poles · United States
976
-12
🇵🇱 Ethiopians · Poland
947
-11
Chefia Dixavas
7:05 Loom
9:07 Feudal Age
9:46 Double-Bit Axe
9:42 Horse Collar
14:28 Wheelbarrow
14:23 Gold Mining
14:41 Fletching
15:58 Padded Archer Armor
22:18 Castle Age
22:22 Crossbowman
22:59 Bodkin Arrow
24:11 Leather Archer Armor
24:21 Bow Saw
24:17 Heavy Plow
26:41 Ballistics
30:38 Imperial Age
30:43 Arbalester
32:21 Bracer
34:09 Chemistry
Teodoro
1:00 Loom
10:20 Feudal Age
14:51 Castle Age
13:36 Double-Bit Axe
16:09 Fishing Lines
21:50 Medium Warships
21:31 Gillnets
25:03 Wheelbarrow
25:09 Wheelbarrow
26:54 Squires
26:56 Scale Mail Armor
27:07 Forging
29:44 Chain Mail Armor
30:05 Iron Casting
29:23 Fletching
30:48 Bow Saw
30:25 Arson
30:29 Gambesons
31:38 Sanctity
32:21 Redemption
33:07 Iron Casting
33:06 Bodkin Arrow
33:17 Scale Barding Armor
33:25 Town Watch
33:24 Horse Collar
36:32 Imperial Age
Lakupiippu
4:16 Loom
11:06 Feudal Age
12:00 Double-Bit Axe
15:49 Castle Age
15:20 Bloodlines
15:05 Horse Collar
18:37 Bow Saw
22:18 Wheelbarrow
22:10 Husbandry
22:45 Scale Barding Armor
23:07 Gold Mining
24:34 Chain Barding Armor
26:47 Forging
27:26 Heavy Plow
28:03 Hand Cart
31:06 Iron Casting
35:28 Imperial Age
Luizin
0:29 Loom
9:31 Feudal Age
12:51 Double-Bit Axe
18:48 Castle Age
20:02 Bow Saw
19:35 Horse Collar
19:47 Gold Mining
19:48 Stone Mining
22:09 Squires
21:57 Arson
23:04 Wheelbarrow
22:14 Town Watch
22:37 Heavy Plow
24:16 Forging
24:06 Scale Mail Armor
25:36 Iron Casting
25:46 Stone Shaft Mining
25:46 Gold Shaft Mining
25:30 Town Patrol
32:02 Imperial Age
29:40 Fletching
32:59 Hand Cart
32:32 Elite Fire Lancer
33:35 Conscription
33:47 Rocketry
36:13 Blast Furnace
35:28 Chain Mail Armor
mikeespin
0:46 Loom
10:38 Feudal Age
11:26 Double-Bit Axe
12:08 Horse Collar
15:17 Stone Mining
17:20 Gold Mining
21:45 Castle Age
20:42 Scale Barding Armor
20:48 Forging
20:30 Fletching
20:35 Arson
22:08 Bloodlines
22:38 Husbandry
22:44 Squires
23:02 Heavy Plow
23:25 Chain Barding Armor
23:58 Scale Mail Armor
24:23 Bow Saw
25:35 Town Watch
30:35 Scale Mail Armor
mateuszes
0:48 Loom
2:36 Loom
11:07 Feudal Age
12:01 Fishing Lines
13:27 Double-Bit Axe
17:37 Wheelbarrow
19:52 Castle Age
20:32 Gillnets
22:30 Wheelbarrow
23:21 Bow Saw
25:08 Forging
25:04 Scale Barding Armor
27:54 Imperial Age
25:51 Forging
25:48 Scale Barding Armor
25:51 Stone Mining
25:55 Gold Mining
28:01 Iron Casting
27:52 Chain Barding Armor
28:31 Gold Shaft Mining
28:05 Town Watch
29:03 Conscription
29:35 Husbandry
31:10 Caravan
30:42 Cavalier
34:54 Blast Furnace
Mr.Razorski
10:32 Feudal Age
14:14 Castle Age
13:40 Horse Collar
14:28 Double-Bit Axe
15:35 Wheelbarrow
15:26 Bow Saw
15:21 Heavy Plow
22:09 Wheelbarrow
21:41 Gold Mining
25:18 Hand Cart
26:58 Gold Shaft Mining
32:12 Imperial Age
32:28 Ballistics
32:58 Heavy Scorpion
34:44 Chemistry
Helenka
10:47 Feudal Age
11:20 Double-Bit Axe
16:10 Castle Age
18:10 Wheelbarrow
17:21 Loom
24:42 Horse Collar
24:54 Elite Skirmisher
25:40 Thumb Ring
28:37 Fletching
31:32 Gold Mining
31:35 Stone Mining
Connection lost

Rejoining the realm…

Still unreachable

The connection could not be restored.

Session expired

The server has moved on; the page needs a fresh start.